 Dungeon Crawl Stone Soup version 0.32-a0-329-ge6c31236d6 (webtiles) character file.

Game seed: 12683033179922409943

3749 Ceno the Insei (level 10, -7/71 HPs)
             Began as an Octopode Shapeshifter on Feb 17, 2024.
             Was a Believer of Yredelemnul.
             Killed from afar by an acid dragon (28 damage)
             ... with a splash of acid
             ... on level 9 of the Dungeon.
             The game lasted 00:16:41 (7460 turns).

Ceno the Insei (Octopode Shapeshifter)              Turns: 7460, Time: 00:16:42

Health: -7/71      AC:  1    Str: 14    XL:     10   Next: 15%
Magic:  10/10      EV: 17    Int: 12    God:    Yredelemnul [**....]
Gold:   369        SH:  0    Dex: 16    Spells: 9/9 levels left

rFire   . .          .
                       - Unarmed
rCold   . . .        (no shield)
rNeg    . . .        (helmet currently unavailable)
rPois   .            (no amulet)
rElec   .            (no ring)
rCorr   .            (no ring)
SInv    .            (no ring)
Will    .....        (no ring)
Stlth   +++          (no ring)
HPRegen 0.31/turn    (no ring)
MPRegen 0.12/turn    (no ring)
                     (no ring)

%: no passive effects
@: beast-form, wreathed by umbra
A: beast (slay +4), almost no armour, amphibious, 8 rings, camouflage 1,
gelatinous body 1, (nimble swimmer 1), tentacles
a: Begin Untransformation, Renounce Religion, Light the Black Torch, Recall
Undead Harvest, Hurl Torchlight


You were on level 9 of the Dungeon.
You worshipped Yredelemnul.
Yredelemnul was noncommittal.
You were a hulking beast.
You visited 2 branches of the dungeon, and saw 10 of its levels.

You collected 369 gold pieces.

Inventory:

Missiles
 l - 69 stones (quivered)
 v - 5 poisoned darts
Talismans
 b - a beast talisman (active)
 c - a flux talisman
 o - a maw talisman
Wands
 n - a wand of charming (32)
 y - a wand of flame (47)
Scrolls
 d - a scroll of immolation
 f - 4 scrolls of teleportation
 g - 2 scrolls of fog {unknown}
 j - a scroll of noise {unknown}
 m - 6 scrolls of revelation
 p - 4 scrolls of amnesia
 q - a scroll of fear {unknown}
 r - 3 scrolls of enchant armour {unknown}
 s - 2 scrolls of enchant weapon {unknown}
 w - a scroll of silence {unknown}
 x - 4 scrolls of blinking
 z - a scroll of vulnerability {unknown}
Potions
 a - 2 potions of lignification
 e - 8 potions of curing
 h - a potion of mutation
 i - 3 potions of degeneration
 k - 2 potions of heal wounds
 t - a potion of attraction
 u - 2 potions of berserk rage
 A - a potion of haste
 B - a potion of might
 C - a potion of brilliance
 D - a potion of resistance {unknown}


   Skills:
 + Level 7.2 Fighting
 + Level 7.4 Dodging
 + Level 7.7 Unarmed Combat
 + Level 7.2 Shapeshifting


You had 9 spell levels left.
You didn't know any spells.
Your spell library contained the following spells:

 Spells                   Type           Power      Damage    Failure   Level
 Sandblast                Erth           0%         2d4       32%         1
 Passwall                 Erth           0%         N/A       69%         3
 Stone Arrow              Conj/Erth      0%         3d7       69%         3
 Brom's Barrelling Bould  Conj/Erth      0%         2d3       97%         4
 Lehudib's Crystal Spear  Conj/Erth      0%         10d2      100%        8
 Animate Armour           Summ/Erth      Unusable   N/A       N/A         4

Dungeon Overview and Level Annotations

Branches:
Dungeon (9/15)             Temple (1/1) D:5
   Lair: D:8-11         Orc: D:9-12

Altars:
Ashenzari
Cheibriados
Dithmenos
Elyvilon
Fedhas
Gozag
Hepliaklqana
Makhleb
Nemelex Xobeh
Okawaru
Qazlal
Ru
Sif Muna
Trog
Uskayaw
Vehumet
Wu Jian
Xom
Yredelemnul
Zin
The Shining One

Shops:
D:2 :   D:5 =


Innate Abilities, Weirdness & Mutations

You are a hulking beast.
Your limbs bulge with bestial killing power. (Slay +4)
You cannot wear most types of armour.
You are amphibious.
You can wear up to eight rings at the same time.
Your skin changes colour to match your surroundings (Stealth+).
Your rubbery body absorbs attacks. (AC +1, EV +1)
((You are camouflaged when in or above water. (Stealth+)))
You have tentacles for arms and can constrict up to eight enemies at once.


Message History

The acid dragon is moderately wounded.
The acid dragon spits acid at you. The splash of acid hits you!!
The howler monkey hits you.
You closely miss the acid dragon.
The acid dragon is moderately wounded.
The acid dragon bites you. The acid dragon completely misses you.
The howler monkey hoots and howls with incredible vigour!
You closely miss the acid dragon.
The acid dragon is moderately wounded.
The acid dragon bites you. The acid dragon closely misses you.
The howler monkey completely misses you.
You barely miss the acid dragon.
The acid dragon is moderately wounded.
The howler monkey hits you.
The howler monkey hoots and howls with incredible vigour!
The acid dragon barely misses you. x2
You hear a roar!
You tentacle-slap the acid dragon but do no damage.
The acid dragon is moderately wounded.
The howler monkey completely misses you.
The howler monkey barely misses you. The acid dragon barely misses you.
The acid dragon completely misses you.
Unknown command.
You closely miss the acid dragon. You squeeze the acid dragon.
The acid dragon is moderately wounded.
The howler monkey misses you.
The howler monkey hoots and howls with incredible vigour!
You hear an angry growl.
You barely miss the acid dragon.
The acid dragon is moderately wounded.
The acid dragon bites you.
* * * LOW HITPOINT WARNING * * *
The acid dragon claws you but does no damage.
The howler monkey closely misses you. The howler monkey barely misses you.
You tentacle-slap the acid dragon.
The acid dragon is heavily wounded.
The acid dragon spits acid at you. The splash of acid hits you!!
You die...
Your body rises from the dead as a mindless zombie.

......##..##..##......#
....###..'##'..###....#
#.###....#..#....###.##
#.......##..##.......# #
##....###.#..###....##.#
.######...'....######..#
.####.....#....#.......#
....#.....#....#.h.....#
....#.....#....Dhh.....#
....#.....#....#.......#
..###.....#....####....#
..#.......##......###+##
..#........#..........
..#........#.[........
..#........#..........
..#........#..........
..#........#.......#


You could see an acid dragon (catching breath) and 2 howler monkeys.

Vanquished Creatures
  Prince Ribbit (D:7)
  A steam dragon (D:7)
  Menkaure (D:7)
  An ice beast (D:7)
  An ogre (D:4)
  2 centaurs (D:8)
  A bullfrog (D:8)
  2 scorpions
  7 wights
  5 killer bees (D:8)
  3 howler monkeys (D:8)
  A bombardier beetle (D:6)
  2 jellies
  2 hounds
  2 orc priests
  4 iguanas
  2 sleepcaps
  An orc wizard (D:2)
  6 gnolls
  3 adders
  2 shadow imps (D:6)
  A white imp (D:7)
  3 ufetubi
  3 ribbon worms
  21 orcs
  2 bats (D:1)
  9 endoplasms
  11 giant cockroaches
  8 goblins
  15 hobgoblins
  4 jackals (D:2)
  7 kobolds
  7 quokkas
  6 ball pythons
  2 frilled lizards (D:1)
  7 rats
156 creatures vanquished.

Vanquished Creatures (collateral kills)
  A two-headed ogre (D:8)
  A wyvern (D:8)
  A sky beast (D:7)
  A bullfrog (D:7)
  A gnoll sergeant (D:8)
  3 wights (D:6)
  A bombardier beetle (D:4)
  3 orc priests
  2 orc wizards (D:6)
  3 adders
  An ufetubus (D:7)
  9 orcs
  2 kobolds
  A quokka (D:6)
  A goblin (D:4)
31 creatures vanquished.

Vanquished Creatures (others)
  2 bullfrog zombies
  A centaur zombie (D:8)
  A killer bee zombie (D:8)
  A hound zombie (D:5)
  2 howler monkey zombies (D:8)
  An adder zombie (D:5)
  A jelly zombie (D:8)
  A spectral shadow imp (D:6)
  A ball python zombie (D:4)
  A giant cockroach zombie (D:4)
  A gnoll zombie (D:8)
  12 orc zombies
  2 quokka zombies
27 creatures vanquished.

Grand Total: 214 creatures vanquished

Notes
Turn   | Place    | Note
-------+----------+-------------------------------------------
     0 | D:1      | Ceno the Octopode Shapeshifter began the quest for the Orb.
     0 | D:1      | Reached XP level 1. HP: 13/13 MP: 1/1
   109 | D:1      | You fall into a shaft and drop 1 floor!
   119 | D:2      | Reached XP level 2. HP: 18/18 MP: 2/2
   167 | D:1      | Reached XP level 3. HP: 21/23 MP: 3/3
   359 | D:1      | Reached XP level 4. HP: 25/29 MP: 4/4
   756 | D:2      | Found Qiotiu's Book Shop.
   936 | D:2      | Reached XP level 5. HP: 18/35 MP: 5/5
  1513 | D:3      | Found a basalt altar of Yredelemnul.
  1521 | D:3      | Became a worshipper of Yredelemnul the Fallen
  1888 | D:3      | Found an opulent altar of Gozag.
  2400 | D:4      | Reached XP level 6. HP: 42/42 MP: 6/6
  2691 | D:4      | Reached * piety under Yredelemnul
  3144 | D:5      | Entered Level 5 of the Dungeon
  3165 | D:5      | Reached XP level 7. HP: 43/46 MP: 7/7
  3173 | D:5      | Found Maefiful's Jewellery Shoppe.
  3181 | D:5      | Found a staircase to the Ecumenical Temple.
  4100 | Temple   | Entered the Ecumenical Temple
  4138 | D:6      | Found a hide-covered altar of Uskayaw.
  4140 | D:6      | Found a shadowy altar of Dithmenos.
  4165 | D:6      | Reached skill level 5 in Unarmed Combat
  4196 | D:6      | Reached skill level 5 in Shapeshifting
  4196 | D:6      | Reached XP level 8. HP: 15/54 MP: 8/8
  4495 | D:6      | Reached skill level 5 in Dodging
  4677 | D:6      | Reached skill level 5 in Fighting
  4715 | D:6      | Reached ** piety under Yredelemnul
  5231 | D:7      | Noticed Prince Ribbit
  5239 | D:7      | Killed Prince Ribbit
  5332 | D:7      | Identified the +1 leather armour "Lutryxio" {rF- rC+ rN+
                  | Dex+3}
  5363 | D:7      | Reached XP level 9. HP: 54/61 MP: 9/9
  5576 | D:7      | Found a blossoming altar of Fedhas.
  5631 | D:7      | Noticed Menkaure
  5641 | D:7      | Killed Menkaure
  6843 | D:8      | Noticed a two-headed ogre
  7123 | D:8      | Killed a two-headed ogre
  7124 | D:8      | Reached XP level 10. HP: 56/71 MP: 6/10
  7392 | D:9      | Found a sacrificial altar of Ru.
  7422 | D:9      | Found a glowing silver altar of Zin.
  7460 | D:9      | Killed from afar by an acid dragon

Illustrated notes

Levels and vault maps discovered:
D:1:      dpeg_cavernosity, layout_rooms
D:2:      layout_loops_cross, serial_shops,
          nicolae_shop_competitors_out_of_business
D:3:      layout_loops_ring, grunt_gozag_statues, old_standard_altar
D:4:      corexii_shantytown, layout_rooms, corexii_hall_statues_t
D:5:      layout_basic, minmay_temple_entry_junction, serial_shops, shop,
          nicolae_underground_beach
D:6:      layout_loops_ring, chequers_temple_overflow_statue_of_worship,
          gup_sewer_entry_pipe, minmay_misc_feat_iff,
          minmay_misc_feat_nine_boxes
D:7:      layout_loops_ring, fedhas_altar_decomposition, uniq_prince_ribbit1,
          uniq_menkaure
D:8:      layout_basic, kennysheep_generic_room_7
D:9:      layout_irregular_city, mainiacjoe_overflow_two_lobes,
          grunt_lair_entry_orc_guard_hut, enter_bailey_6
Temple:   nicolae_temple_two_arcs

Skill      XL: |  1  2  3  4  5  6  7  8  9 |
---------------+----------------------------+-----
Fighting       | 2 3 4 5 7 |  7.2
Dodging        | 3 4 5 7 |  7.4
Unarmed Combat | 4 5 6 7 |  7.7
Shapeshifting  | 4 5 7 |  7.2

Action                     |  1- 3 |  4- 6 |  7- 9 | 10-12 || total
---------------------------+-------+-------+-------+-------++-------
  Melee: Unarmed           |    46 |   137 |   176 |    10 ||   369
         Tentacles         |     5 |    32 |    41 |     1 ||    79
         Constrict         |     7 |    38 |    46 |       ||    91
         Punch             |     1 |     2 |    10 |       ||    13
  Throw: Dart              |       |       |     2 |       ||     2
 Invoke: Light the Black T |       |     2 |     4 |       ||     6
         Hurl Torchlight   |       |       |     3 |       ||     3
    Use: Scroll            |       |     6 |     8 |       ||    14
   Stab: Sleeping          |     3 |    22 |     7 |       ||    32
 Armour: Skin              |    11 |    44 |    61 |     8 ||   124
  Dodge: Dodged            |    23 |    73 |   130 |    14 ||   240

Table legend: (Time is in decaauts)
 A = Elapsed time spent in this place.
 B = Non-inter-level travel time spent in this place.
 C = Inter-level travel time spent in this place.
 D = Time resting spent in this place.
 E = Time spent auto-exploring this place.
 F = Levels seen in this place.
 G = Mean time per level.
                   A        B        C        D        E       F      G
               +--------+--------+--------+--------+--------+-----+--------+
         Total |   7424 |   7187 |    237 |   1216 |   4203 |  10 |  742.4 |
       Dungeon |   7422 |   7185 |    237 |   1216 |   4203 |   9 |  824.7 |
        Temple |      1 |      1 |      0 |      0 |      0 |   1 |    1.0 |
               +--------+--------+--------+--------+--------+-----+--------+

Top non-repeatable levels by time:
     D:7: 1166 daAuts
     D:6: 1098 daAuts
     D:4: 1022 daAuts
     D:5: 977 daAuts
     D:8: 912 daAuts
     D:2: 792 daAuts
     D:3: 686 daAuts
     D:1: 630 daAuts
     D:9: 138 daAuts
  Temple: 1 daAuts
